 Dungeon Crawl Stone Soup version 0.28-a0-1199-gef9e1dbd39 (webtiles) character file.

Game seed: 12742998112319129612

36 sanka the Unweaver (level 3, -1/31 HPs)
             Began as a Palentonga Abyssal Knight on Dec 19, 2021.
             Was a Follower of Lugonu.
             Slain by a goblin (3 damage)
             ... led by Robin
             ... on level 2 of the Dungeon.
             The game lasted 00:01:44 (1117 turns).

sanka the Unweaver (Palentonga Abyssal Knight)      Turns: 1117, Time: 00:01:44

Health: -1/31      AC:  4    Str: 18    XL:     3   Next: 19%
Magic:  5/5        EV:  4    Int: 10    God:    Lugonu [*.....]
Gold:   47         SH: 10    Dex: 10    Spells: 2/2 levels left

rFire   . . .      SeeInvis +   b - +1 short sword (drain)
rCold   . . .      Faith    .   m - +0 tower shield
rNeg    . . .      Spirit   .   e - +0 leather armour
rPois   .          Reflect  .   (no helmet)
rElec   .          Harm     .   (no cloak)
rCorr   .          Rampage  .   (no gloves)
Will    .....                   (no barding)
Stlth   +.........              (no amulet)
HPRegen 0.10/turn               (no ring)
MPRegen 0.09/turn               k - ring of flight

@: flying
A: large, rugged brown scales 3, see invisible, deformed body, roll 1, armoured
tail
a: Rolling Charge, Renounce Religion, Depart the Abyss


You were on level 2 of the Dungeon.
You worshipped Lugonu.
Lugonu was aware of your devotion.
You visited 1 branch of the dungeon, and saw 2 of its levels.
You visited the Abyss 1 time.

You collected 47 gold pieces.


Innate Abilities, Weirdness & Mutations

You are completely covered in rugged brown scales. (AC +3, +7% HP)
You have supernaturally acute eyesight. (SInv)
Armour fits poorly on your strangely shaped body.
You can roll at nearby foes to attack.
You have a long armoured tail.


   Skills:
 - Level 3.0 Fighting
 - Level 2.2 Long Blades
 - Level 1.5 Armour
 - Level 0.7 Dodging
 + Level 1.0 Shields
 + Level 3.2 Invocations


You had 2 spell levels left.
You didn't know any spells.
Your spell library contained the following spells:

 Spells                   Type           Power      Damage    Failure   Level
 Summon Guardian Golem    Hex/Summ       0%         N/A       100%        3
 Orb of Destruction       Conj           0%         N/A       100%        7
 Spellforged Servitor     Conj/Summ      0%         N/A       100%        7

Inventory:

Hand Weapons
 a - a +1 falchion
 b - a +1 short sword of draining (weapon)
Armour
 e - a +0 leather armour (worn)
 m - a +0 tower shield (worn)
Jewellery
 k - a ring of flight (right hand)
Scrolls
 d - 4 scrolls of identify {unknown}
 f - 3 scrolls of brand weapon {unknown}
 g - a scroll of amnesia {unknown}
 h - a scroll of torment {unknown}
 j - 3 scrolls of noise {unknown}
 n - a scroll of acquirement {unknown}
Potions
 c - a potion of resistance {unknown}
 i - a potion of heal wounds {unknown}
 l - a potion of cancellation {unknown}

Dungeon Overview and Level Annotations

Branches:
Dungeon (2/15)

Altars:

Annotations:
D:2 Robin

▒▒.▒ ▒.▒▒▒▒▒
▒.....▒▒▒▒▒▒▒▒▒▒
▒...............▒
▒...............▒
▒...............▒
▒▒▒▒▒▒▒▒▒▒...............▒
........)'g..g...........+
........▒▒g.gH...........▒
.▒▒▒▒▒▒..▒▒▒▒▒^..........▒
▒▒▒▒▒'▒▒▒ ▒....)).....+
▒▒.....g.▒ ▒...........▒▒▒▒
..........▒ ▒.▒▒▒▒+▒.......▒
..........▒▒▒.▒▒.....▒▒▒▒▒.▒
..............▒▒.....▒ ▒.▒
......g.......▒▒.....▒ ▒.▒
...▒..........▒▒.....▒ ▒.▒


You could see Robin (drained), a hobgoblin (strong) and 2 goblins.


Message History

You drain Robin.
Robin is severely wounded.
The hobgoblin hits you. Robin throws the goblin at you! The hobgoblin hits you.
* * * LOW HITPOINT WARNING * * *
Items here: ))))) [ ÷ ††††.
Robin throws the goblin at you! The goblin hits you with a +0 club.
* * * LOW HITPOINT WARNING * * *
There is an open door, spattered with blood here.
The goblin hits you with a +0 club.
* * * LOW HITPOINT WARNING * * *
Robin throws the goblin at you!
You hit the goblin. You drain the goblin.
Your tail-slap misses the goblin.
The goblin is severely wounded.
You block the goblin's attack. The goblin hits you but does no damage.
You block the goblin's attack. The goblin hits you with a +0 club.
* * * LOW HITPOINT WARNING * * *
You block the goblin's attack. You block the goblin's attack.
Robin says, "Duck!"
Robin throws the goblin at you! You block the goblin's attack.
The goblin hits you with a +0 club.
You die...

Action                   || total
-------------------------++-------
Melee: Short sword       ||    56
       Falchion          ||     4
       Tailslap          ||     8
 Abil: Rolling Charge    ||     2
Armor: Leather armour    ||    20
Dodge: Dodged            ||    14
Block: Tower shield      ||    21

Levels and vault maps discovered:
D:1:      denvon_arrival_waterhouse, layout_rooms,
          hellmonk_ecumenical_altar_run_dry
D:2:      layout_basic, uniq_robin, uniq_crazy_yiuf_cottage, uniq_sigmund

Notes
Turn   | Place    | Note
-------+----------+-------------------------------------------
     0 | Abyss:1  | sanka the Palentonga Abyssal Knight began the quest for the
                  | Orb.
     0 | Abyss:1  | Reached XP level 1. HP: 19/19 MP: 2/2
    26 | D:1      | Escaped the Abyss
    71 | D:1      | Found a faded altar of an unknown god.
   287 | D:1      | Reached XP level 2. HP: 25/25 MP: 3/3
   828 | D:2      | Reached skill level 3 in Invocations
  1004 | D:2      | Reached XP level 3. HP: 29/31 MP: 5/5
  1032 | D:2      | Reached skill level 1 in Shields
  1106 | D:2      | Noticed Robin
  1114 | D:2      | HP: 2/31 [goblin[Robin] (6)]
  1117 | D:2      | Slain by a goblin

Vanquished Creatures
  2 worms (D:2)
  4 bats
  3 endoplasms (D:1)
  6 goblins (D:2)
  5 hobgoblins (D:2)
  3 kobolds
  2 ball pythons (D:1)
  2 rats
27 creatures vanquished.
